EL
ALTOONA CURVE @ MISSISSIPPI BRAVES
09/03/2045
 
TOP OF THE 1ST
Altoona Curve batting - Pitching for Mississippi Braves : RHP Rodolfo Mendez
Pitching: RHP Rodolfo Mendez
Batting: RHB Ron Corn 0-0: Ball
1-0: Ball
2-0: Ball
3-0: Base on Balls
Batting: RHB John Goynes 0-0: Ball
1-0: 2-RUN HOME RUN (Flyball, 9D, EV 103.8 MPH), Distance : 384 ft
Batting: RHB Jeremy Boerman 0-0: Foul Ball, location: 2F
0-1: Called Strike
0-2: Foul Ball, location: 2F
0-2: Ball
1-2: Strikes out looking
Batting: RHB Chris Pozzi 0-0: Ball
1-0: Ball
2-0: Foul Ball, location: 2F
2-1: Foul Ball, location: 2F
2-2: Ball
3-2: Ground out 5-3 (Groundball, 56, EV 103.1 MPH)
Batting: RHB Brian Moore 0-0: Ball
1-0: Called Strike
1-1: Fly out, F5 (Popup, 25F, EV 89.4 MPH)
Top of the 1st over - 2 runs, 1 hit, 0 errors, 0 left on base; Altoona 2 - Mississippi 0
BOTTOM OF THE 1ST
Mississippi Braves batting - Pitching for Altoona Curve : RHP Ian Toney
Pitching: RHP Ian Toney
Now in LF: Pedro Criollo
Batting: RHB Edgar Castillo 0-0: Ball
1-0: Foul Ball, location: 2F
1-1: Swinging Strike
1-2: Foul Ball, location: 2F
1-2: Ground out 6-3 (Groundball, 6, EV 86.2 MPH)
Batting: LHB Mark Buchholz 0-0: Ground out 4-3 (Groundball, 34, EV 79.4 MPH)
Batting: LHB Colin Worthington 0-0: Called Strike
0-1: SINGLE (Groundball, 34D, EV 96.9 MPH)
Batting: RHB Ike Trout 0-0: Ball
1-0: Swinging Strike
1-1: Ball
2-1: Ball
3-1: Base on Balls
Colin Worthington to second
Batting: LHB Jose Chinchilla 0-0: Ball
1-0: Ball
2-0: Foul Ball, location: 2F
2-1: Foul Ball, location: 2F
2-2: Ground out 4-3 (Groundball, 34, EV 89.4 MPH)
Bottom of the 1st over - 0 runs, 1 hit, 0 errors, 2 left on base; Altoona 2 - Mississippi 0
TOP OF THE 2ND
Altoona Curve batting - Pitching for Mississippi Braves : RHP Rodolfo Mendez
Batting: RHB Pedro Criollo 0-0: Ball
1-0: Ground out 4-3 (Groundball, 4, EV 83.1 MPH)
Batting: RHB Nelson Ozuna 0-0: Foul Ball, location: 2F
0-1: Ground out 4-3 (Groundball, 13, EV 88.1 MPH)
Batting: LHB Aito Harada 0-0: Ball
1-0: Ball
2-0: Called Strike
2-1: Fly out, F8 (Flyball, 78XD, EV 80.0 MPH)
Top of the 2nd over - 0 runs, 0 hits, 0 errors, 0 left on base; Altoona 2 - Mississippi 0
BOTTOM OF THE 2ND
Mississippi Braves batting - Pitching for Altoona Curve : RHP Ian Toney
Batting: RHB Justin McQuarter 0-0: Called Strike
0-1: Ball
1-1: Ball
2-1: Called Strike
2-2: Strikes out swinging
Batting: RHB Jack Power 0-0: Foul Ball, location: 2F
0-1: Ball
1-1: Called Strike
1-2: Foul Ball, location: 2F
1-2: Foul Ball, location: 2F
1-2: Foul Ball, location: 2F
1-2: Foul Ball, location: 2F
1-2: Ball
2-2: Strikes out swinging
Batting: RHB Sung-hwan Jung 0-0: Ball
1-0: Foul Ball, location: 2F
1-1: Swinging Strike
1-2: Ball
2-2: Fly out, F8 (Flyball, 8RS, EV 83.1 MPH)
Bottom of the 2nd over - 0 runs, 0 hits, 0 errors, 0 left on base; Altoona 2 - Mississippi 0
TOP OF THE 3RD
Altoona Curve batting - Pitching for Mississippi Braves : RHP Rodolfo Mendez
Batting: RHB Keiji Nakajima 0-0: Bunted foul
0-1: Ball
1-1: Ground out 5-3 (Groundball, 5, EV 99.4 MPH)
Batting: RHB Ron Corn 0-0: Ball
1-0: Ground out 4-3 (Groundball, 4, EV 84.4 MPH)
Batting: RHB John Goynes 0-0: Called Strike
0-1: Foul Ball, location: 2F
0-2: Ground out 6-3 (Groundball, 6, EV 103.1 MPH)
Top of the 3rd over - 0 runs, 0 hits, 0 errors, 0 left on base; Altoona 2 - Mississippi 0
BOTTOM OF THE 3RD
Mississippi Braves batting - Pitching for Altoona Curve : RHP Ian Toney
Batting: RHB Riley Nasiir 0-0: Fly out, F7 (Flyball, 78M, EV 87.5 MPH)
Batting: RHB Edgar Castillo 0-0: Called Strike
0-1: Called Strike
0-2: Ground out 6-3 (Groundball, 6, EV 94.4 MPH)
Batting: LHB Mark Buchholz 0-0: Ball
1-0: Called Strike
1-1: Foul Ball, location: 2F
1-2: Strikes out swinging
Bottom of the 3rd over - 0 runs, 0 hits, 0 errors, 0 left on base; Altoona 2 - Mississippi 0
TOP OF THE 4TH
Altoona Curve batting - Pitching for Mississippi Braves : RHP Rodolfo Mendez
Batting: RHB Jeremy Boerman 0-0: Swinging Strike
0-1: Ground out 4-3 (Groundball, 4, EV 102.5 MPH)
Batting: RHB Chris Pozzi 0-0: Ball
1-0: Called Strike
1-1: Foul Ball, location: 2F
1-2: Ball
2-2: Ground out 3-1 (Groundball, 34, EV 102.5 MPH)
Batting: RHB Brian Moore 0-0: Ball
1-0: Fly out, F6 (Line Drive, 6, EV 70.6 MPH)
Top of the 4th over - 0 runs, 0 hits, 0 errors, 0 left on base; Altoona 2 - Mississippi 0
BOTTOM OF THE 4TH
Mississippi Braves batting - Pitching for Altoona Curve : RHP Ian Toney
Batting: LHB Colin Worthington 0-0: Called Strike
0-1: Foul Ball, location: 2F
0-2: Foul Ball, location: 2F
0-2: Foul Ball, location: 2F
0-2: Foul Ball, location: 2F
0-2: Foul Ball, location: 2F
0-2: Ball
1-2: Ball
2-2: Foul Ball, location: 2F
2-2: Ball
3-2: Foul Ball, location: 2F
3-2: Foul Ball, location: 2F
3-2: Foul Ball, location: 2F
3-2: Foul Ball, location: 2F
3-2: Foul Ball, location: 2F
3-2: Foul Ball, location: 2F
3-2: Foul Ball, location: 2F
3-2: Ground out U3 (Groundball, 3, EV 83.8 MPH)
Batting: RHB Ike Trout 0-0: Ball
1-0: Ball
2-0: SOLO HOME RUN (Flyball, 78XD, EV 106.2 MPH), Distance : 414 ft
Batting: LHB Jose Chinchilla 0-0: SINGLE (Groundball, 4M, EV 100.0 MPH)
Batting: RHB Justin McQuarter 0-0: Called Strike
Jose Chinchilla steals 2nd base
0-1: Ball
1-1: Ground out 6-3 (Groundball, 6, EV 101.9 MPH)
Batting: RHB Jack Power 0-0: Foul Ball, location: 2F
0-1: Ball
1-1: Foul Ball, location: 2F
1-2: SINGLE (Groundball, 4MD, EV 96.9 MPH)
Jose Chinchilla to third
Runner from 3rd tries for Home, SAFE, throw by CF to home
Batting: RHB Sung-hwan Jung 0-0: SINGLE (Line Drive, 9LS, EV 91.2 MPH)
Jack Power to second
Runner from 2nd tries for 3rd, OUT! 9-5
Bottom of the 4th over - 2 runs, 4 hits, 0 errors, 1 left on base; Altoona 2 - Mississippi 2
TOP OF THE 5TH
Altoona Curve batting - Pitching for Mississippi Braves : RHP Rodolfo Mendez
Batting: RHB Pedro Criollo 0-0: Called Strike
0-1: Foul Ball, location: 2F
0-2: Foul Ball, location: 2F
0-2: Foul Ball, location: 2F
0-2: Strikes out swinging
Batting: RHB Nelson Ozuna 0-0: SINGLE (Groundball, 56D, EV 106.9 MPH)
Batting: LHB Aito Harada 0-0: DOUBLE (Line Drive, 78XD, EV 110.0 MPH)
Nelson Ozuna to third
Runner from 3rd tries for Home, SAFE, throw by LF to trailing runner, SAFE at third!
Batting: RHB Keiji Nakajima 0-0: Ball
1-0: SINGLE (Groundball, 4, EV 105.6 MPH)
Aito Harada scores
Batting: RHB Ron Corn 0-0: Ball
1-0: Ball
2-0: Ball
3-0: Called Strike
3-1: Base on Balls
Keiji Nakajima to second
Batting: RHB John Goynes 0-0: Called Strike
Keiji Nakajima steals 3rd base
Ron Corn to second
0-1: Ball
1-1: Foul Ball, location: 2F
1-2: Foul Ball, location: 2F
1-2: SINGLE (Groundball, 56D, EV 106.9 MPH)
Keiji Nakajima scores
Ron Corn to third
Runner from 3rd tries for Home, SAFE, throw by LF to home
Pitching: RHP Marvin Velasco
Batting: RHB Jeremy Boerman 0-0: Ball
1-0: Fly out, F9 (Flyball, 9, EV 92.5 MPH)
Batting: RHB Chris Pozzi 0-0: Swinging Strike
0-1: Ball
1-1: Ball
2-1: Ball
Wild Pitch!
John Goynes to second
3-1: Called Strike
3-2: Foul Ball, location: 2F
3-2: Strikes out looking
Top of the 5th over - 4 runs, 4 hits, 0 errors, 1 left on base; Altoona 6 - Mississippi 2
BOTTOM OF THE 5TH
Mississippi Braves batting - Pitching for Altoona Curve : RHP Ian Toney
Batting: RHB Riley Nasiir 0-0: Called Strike
0-1: Ball
1-1: Foul Ball, location: 2F
1-2: Hit by Pitch
Batting: RHB Edgar Castillo 0-0: Called Strike
0-1: Grounds into double play, 6-4-3 (Groundball, 6S, EV 88.1 MPH)
Batting: LHB Mark Buchholz 0-0: Ball
1-0: Called Strike
1-1: Swinging Strike
1-2: Strikes out swinging
Bottom of the 5th over - 0 runs, 0 hits, 0 errors, 0 left on base; Altoona 6 - Mississippi 2
TOP OF THE 6TH
Altoona Curve batting - Pitching for Mississippi Braves : RHP Marvin Velasco
Batting: RHB Brian Moore 0-0: Ground out 6-3 (Groundball, 6, EV 91.2 MPH)
Batting: RHB Pedro Criollo 0-0: Called Strike
0-1: Ground out 2-3 (Groundball, 2L, EV 66.2 MPH)
Batting: RHB Nelson Ozuna 0-0: Ball
1-0: Ball
2-0: DOUBLE (Flyball, 7LD, EV 99.4 MPH)
Batting: LHB Aito Harada 0-0: Intentional Walk
Batting: RHB Keiji Nakajima 0-0: Called Strike
0-1: Ball
1-1: Ball
2-1: Foul Ball, location: 2F
2-2: Foul Ball, location: 2F
2-2: Strikes out swinging
Top of the 6th over - 0 runs, 1 hit, 0 errors, 2 left on base; Altoona 6 - Mississippi 2
BOTTOM OF THE 6TH
Mississippi Braves batting - Pitching for Altoona Curve : RHP Ian Toney
Batting: LHB Colin Worthington 0-0: Ball
1-0: Ball
2-0: Foul Ball, location: 2F
2-1: Foul Ball, location: 2F
2-2: Ball
3-2: Strikes out swinging
Batting: RHB Ike Trout 0-0: Called Strike
0-1: Foul Ball, location: 2F
0-2: Strikes out swinging
Batting: LHB Jose Chinchilla 0-0: Called Strike
0-1: SINGLE (Line Drive, 3D, EV 95.6 MPH)
Pitching: RHP Serguei Rudakovsky
Batting: RHB Justin McQuarter 0-0: Foul Ball, location: 2F
0-1: Called Strike
Jose Chinchilla steals 2nd base
0-2: Hit by Pitch
Batting: RHB Jack Power 0-0: Called Strike
0-1: Foul Ball, location: 2F
0-2: Ball
1-2: Fly out, F4 (Line Drive, 4, EV 67.5 MPH)
Bottom of the 6th over - 0 runs, 1 hit, 0 errors, 2 left on base; Altoona 6 - Mississippi 2
TOP OF THE 7TH
Altoona Curve batting - Pitching for Mississippi Braves : RHP Marvin Velasco
Pitching: RHP Scott Bentley
Batting: RHB Ron Corn 0-0: Ball
1-0: Foul Ball, location: 2F
1-1: Ball
2-1: Called Strike
2-2: Foul Ball, location: 2F
2-2: Strikes out swinging
Batting: RHB John Goynes 0-0: Ball
1-0: Ball
2-0: Ball
3-0: Called Strike
3-1: Called Strike
3-2: Foul Ball, location: 2F
3-2: Base on Balls
Batting: RHB Jeremy Boerman 0-0: Called Strike
0-1: Called Strike
0-2: Ball
1-2: Ball
2-2: Foul Ball, location: 2F
2-2: Ball
3-2: Strikes out swinging
Batting: RHB Chris Pozzi 0-0: Ball
1-0: Ground out 4-3 (Groundball, 4, EV 110.0 MPH)
Top of the 7th over - 0 runs, 0 hits, 0 errors, 1 left on base; Altoona 6 - Mississippi 2
BOTTOM OF THE 7TH
Mississippi Braves batting - Pitching for Altoona Curve : RHP Serguei Rudakovsky
Batting: RHB Sung-hwan Jung 0-0: Fly out, F8 (Line Drive, 8LM, EV 100.6 MPH)
Batting: RHB Riley Nasiir 0-0: Ball
1-0: Swinging Strike
1-1: Foul Ball, location: 2F
1-2: Ground out 4-3 (Groundball, 4, EV 87.5 MPH)
Batting: RHB Edgar Castillo 0-0: Called Strike
0-1: Foul Ball, location: 2F
0-2: Foul Ball, location: 2F
0-2: Strikes out swinging
Bottom of the 7th over - 0 runs, 0 hits, 0 errors, 0 left on base; Altoona 6 - Mississippi 2
TOP OF THE 8TH
Altoona Curve batting - Pitching for Mississippi Braves : RHP Scott Bentley
Batting: RHB Brian Moore 0-0: Ball
1-0: Fly out, F8 (Line Drive, 8LD, EV 105.0 MPH)
Batting: RHB Pedro Criollo 0-0: Fly out, F9 (Flyball, 9, EV 88.1 MPH)
Batting: RHB Nelson Ozuna 0-0: Fly out, F7 (Line Drive, 7, EV 99.4 MPH)
Top of the 8th over - 0 runs, 0 hits, 0 errors, 0 left on base; Altoona 6 - Mississippi 2
BOTTOM OF THE 8TH
Mississippi Braves batting - Pitching for Altoona Curve : RHP Serguei Rudakovsky
Pitching: RHP Doug Rawson
Batting: LHB Mark Buchholz 0-0: Swinging Strike
0-1: Swinging Strike
0-2: Strikes out swinging
Batting: LHB Colin Worthington 0-0: Foul Ball, location: 2F
0-1: Ball
1-1: Ball
2-1: SOLO HOME RUN (Flyball, 9LD, EV 95.6 MPH), Distance : 344 ft
Batting: RHB Ike Trout 0-0: Ball
1-0: Ball
2-0: Called Strike
2-1: DOUBLE (Line Drive, 89M, EV 91.9 MPH)
Batting: LHB Jose Chinchilla 0-0: Ball
1-0: Ball
2-0: Called Strike
2-1: Ball
3-1: Foul Ball, location: 2F
3-2: Foul Ball, location: 2F
3-2: Base on Balls
Batting: RHB Justin McQuarter 0-0: Ball
1-0: Foul Ball, location: 2F
1-1: Called Strike
1-2: Foul Ball, location: 2F
1-2: Foul Ball, location: 2F
1-2: SINGLE (Line Drive, 9S, EV 84.4 MPH)
Ike Trout to third
Jose Chinchilla to second
Runner from 3rd tries for Home, SAFE, throw by RF to home
Batting: RHB Jack Power 0-0: Ball
1-0: Swinging Strike
1-1: Fly out, F7 (Flyball, 7S, EV 91.2 MPH)
Pinch Hitting: SHB Bob Morales 0-0: Called Strike
0-1: Ball
1-1: Ball
2-1: Swinging Strike
2-2: Ball
3-2: Foul Ball, location: 2F
3-2: Strikes out swinging
Bottom of the 8th over - 2 runs, 3 hits, 0 errors, 2 left on base; Altoona 6 - Mississippi 4
TOP OF THE 9TH
Altoona Curve batting - Pitching for Mississippi Braves : RHP Scott Bentley
Pitching: RHP Brendan Graham
Now at C: Johnny Burroughs
Batting: LHB Aito Harada 0-0: Called Strike
0-1: Ball
1-1: Swinging Strike
1-2: Ball
2-2: Fly out, F9 (Flyball, 89M, EV 88.8 MPH)
Batting: RHB Keiji Nakajima 0-0: Foul Ball, location: 2F
0-1: Ball
1-1: Ball
2-1: Foul Ball, location: 2F
2-2: Ground out 6-3 (Groundball, 6, EV 84.4 MPH)
Batting: RHB Ron Corn 0-0: Called Strike
0-1: Ball
1-1: Ball
2-1: Called Strike
2-2: Foul Ball, location: 2F
2-2: Strikes out swinging
Top of the 9th over - 0 runs, 0 hits, 0 errors, 0 left on base; Altoona 6 - Mississippi 4
BOTTOM OF THE 9TH
Mississippi Braves batting - Pitching for Altoona Curve : RHP Doug Rawson
Pitching: RHP Hugo Rodriguez
Batting: RHB Riley Nasiir 0-0: Ball
1-0: Ball
2-0: DOUBLE (Groundball, 5L, EV 100.6 MPH)
Pinch Runner at 2nd Mark Thomas:
Batting: RHB Edgar Castillo 0-0: Ball
1-0: Foul Ball, location: 2F
1-1: Foul Ball, location: 2F
1-2: Ball
2-2: Strikes out looking
Batting: LHB Mark Buchholz 0-0: Called Strike
0-1: Swinging Strike
0-2: Foul Ball, location: 2F
0-2: Foul Ball, location: 2F
0-2: Ball
1-2: Strikes out swinging
Batting: LHB Colin Worthington 0-0: Ball
1-0: Ball
2-0: Ball
3-0: Called Strike
3-1: Foul Ball, location: 2F
3-2: Foul Ball, location: 2F
3-2: Foul Ball, location: 2F
3-2: Strikes out swinging
Bottom of the 9th over - 0 runs, 1 hit, 0 errors, 1 left on base; Altoona 6 - Mississippi 4
Wednesday, June 22nd , 2022 - OOTP Baseball 23.4 Build 64